 Dungeon Crawl Stone Soup version 0.23.2-30-g0e89c35649 (webtiles) character file.

Game seed: 6019867285821341922

3728 Omegus91 the Cleaver (level 10, 0/88 HPs)
             Began as a Hill Orc Fighter on June 12, 2019.
             Was a Priest of Okawaru.
             Blown up by an orc (15 damage)
             ... with a wand of disintegration (12)
             ... on level 8 of the Dungeon.
             The game lasted 00:34:04 (8811 turns).

Omegus91 the Cleaver (Hill Orc Fighter)             Turns: 8811, Time: 00:34:05

Health: 0/88       AC: 11    Str: 23    XL:     10   Next: 14%
Magic:  10/10      EV: 10    Int:  8    God:    Okawaru [***...]
Gold:   236        SH: 12    Dex: 10    Spells: 9/9 levels left

rFire    + . .     SeeInvis .   z - +2 hand axe (chop)
rCold    . . .     Gourm    .   c - +0 shield
rNeg     . . .     Faith    .   v - +3 leather armour
rPois    .         Spirit   .   y - +1 hat
rElec    .         Reflect  .   (no cloak)
rCorr    .         Harm     .   k - +1 pair of gloves
MR       .....                  l - +0 pair of boots
Stlth    +.........             (no amulet)
HPRegen  0.24/turn              t - ring of protection from fire
MPRegen  0.12/turn              (no ring)

@: no status effects
A: no striking features
a: Heroism, Renounce Religion


You were on level 8 of the Dungeon.
You worshipped Okawaru.
Okawaru was most pleased with you.
You were not hungry.

You visited 2 branches of the dungeon, and saw 9 of its levels.
You also visited: Sewer.

You collected 236 gold pieces.

Inventory:

Hand Weapons
 a - a +1 war axe
 b - a +0 hunting sling
 z - a +2 hand axe of chopping (weapon)
 C - a +1 hand axe of flaming
Missiles
 i - 227 stones
 s - 10 sling bullets (quivered)
Armour
 c - a +0 shield (worn)
 k - a +1 pair of gloves (worn)
 l - a +0 pair of boots (worn)
 v - a +3 leather armour (worn)
 x - the +1 robe of Wisdom {rCorr}
   (You found it on level 4 of the Dungeon)

   It provides partial protection from all sources of acid and corrosion.
 y - a +1 hat (worn)
 E - a +0 plate armour
Jewellery
 t - a ring of protection from fire (left hand)
Scrolls
 e - 5 scrolls of remove curse
 h - 8 scrolls of teleportation
 j - 4 scrolls of enchant armour
Potions
 d - 2 potions of might
 m - 5 potions of brilliance
 n - 5 potions of flight
 o - 5 potions of heal wounds
 q - 3 potions of mutation
 r - a potion of magic
 u - a potion of haste
 w - 7 potions of curing
 A - 2 potions of lignification
 D - a potion of agility
Comestibles
 f - 18 rations
 g - 6 chunks of flesh


   Skills:
 + Level 7.9 Fighting
 * Level 11.0 Axes
 + Level 7.2 Armour
 * Level 9.5 Shields


You had 9 spell levels left.
You didn't know any spells.
Your spell library contained the following spells:

 Spells                   Type           Power        Failure   Level  Hunger
 Summon Small Mammal      Summ           #...         69%         1    ##.....
 Call Imp                 Summ           #.......     83%         2    ###....
 Call Canine Familiar     Summ           #.......     96%         3    ####...
 Summon Guardian Golem    Hex/Summ       #.......     96%         3    ####...
 Summon Ice Beast         Ice/Summ       #.......     100%        4    #####..
 Summon Lightning Spire   Summ/Air       #.......     100%        4    #####..


Dungeon Overview and Level Annotations

Branches:
Dungeon (8/15)             Temple (1/1) D:5
   Lair: D:8-11

Altars:
Ashenzari
Cheibriados
Dithmenos
Elyvilon
Fedhas
Gozag
Hepliaklqana
Kikubaaqudgha
Makhleb
Nemelex Xobeh
Okawaru
Qazlal
Ru
Sif Muna
Trog
Uskayaw
Wu Jian
Xom
Yredelemnul
Zin
The Shining One

Annotations:
D:7 3 runed translucent doors, Jaiteiro's ghost, novice GnSk


Message History

You slash something! Okawaru accepts your kill.
Reactivating autopickup.
You feel a bit more experienced.
You hit the orc.
You kill the orc!
Okawaru accepts your kill.
You closely miss the orc. You block the orc's attack.
You slash the orc!
You kill the orc!
Okawaru accepts your kill.
Things that are here:
a +0 whip; a +0 leather armour The orc zaps a wand.
You are blasted!
The orc zaps a wand.
You are blasted!
* * * LOW HITPOINT WARNING * * *
The orc zaps a wand.
You are blasted!
* * * LOW HITPOINT WARNING * * *
You hit the orc but do no damage.
The orc zaps a wand.
You struggle to resist.
You hit the orc but do no damage.
The orc zaps a wand.
You are blasted!
You die...

### #<# #.# #.#
########.#
#........########
..####...........
#.##########. #
#รท#@.........
#..#.#o#........
#....)...###......#
#....#)).###......#
#..........#......#
.............#......#
.............#......#
..............#......#
......#.......#......#


You could see an orc.

Vanquished Creatures
  A cyclops (D:8)
  Eustachio (D:6)
  2 orc warriors
  4 ice beasts
  3 black bears
  3 centaurs
  5 ogres
  A crocodile (D:7)
  A bullfrog (D:6)
  A water moccasin zombie (D:7)
  A scorpion (D:6)
  5 killer bees
  A howler monkey (D:4)
  2 crimson imps
  A bullfrog zombie (D:7)
  6 hounds
  2 jellies
  An orc priest (D:4)
  A bullfrog skeleton (D:6)
  8 orc wizards
  An iguana (D:4)
  5 worker ants
  A worker ant zombie (D:6)
  4 gnolls (D:5)
  A howler monkey skeleton (D:4)
  10 adders
  6 river rats
  4 shadow imps
  2 oozes (Sewer)
  3 adder skeletons
  4 worms
  2 dart slugs
  3 leopard geckos
  34 orcs
  7 ball pythons
  10 bats
  7 giant cockroaches
  8 goblins
  7 hobgoblins
  8 jackals (D:1)
  6 quokkas
  4 frilled lizards
  2 jackal skeletons (D:4)
  A jackal zombie (D:6)
  24 kobolds
  A leopard gecko skeleton (D:4)
  31 rats
246 creatures vanquished.

Vanquished Creatures (others)
  A hound zombie (D:7)
1 creature vanquished.

Grand Total: 247 creatures vanquished

Notes
Turn   | Place    | Note
-------+----------+-------------------------------------------
     0 | D:1      | Omegus91 the Hill Orc Fighter began the quest for the Orb.
     0 | D:1      | Reached XP level 1. HP: 19/19 MP: 1/1
    92 | D:1      | Reached skill level 3 in Axes
   418 | D:1      | Reached XP level 2. HP: 23/27 MP: 2/2
   750 | D:1      | Reached XP level 3. HP: 29/33 MP: 3/3
  1452 | D:2      | Found a faded altar of an unknown god.
  1550 | D:2      | Reached XP level 4. HP: 40/40 MP: 4/4
  1585 | D:2      | Reached skill level 4 in Axes
  2201 | D:3      | Found a blossoming altar of Fedhas.
  2362 | D:3      | Found a deep blue altar of Sif Muna.
  2513 | D:3      | Reached XP level 5. HP: 37/46 MP: 5/5
  2690 | D:3      | Found a glowing drain.
  2699 | Sewer    | Entered a sewer
  3001 | Sewer    | HP: 2/47 [poisoned by kobold (curare-tipped needle)]
  3006 | Sewer    | HP: 1/47 [poisoned by kobold (curare-tipped needle)]
  3538 | Sewer    | Reached skill level 5 in Axes
  3658 | Sewer    | Reached XP level 6. HP: 53/53 MP: 6/6
  4034 | D:3      | Found an ornate altar of the Wu Jian Council.
  4071 | D:4      | Found a glowing silver altar of Zin.
  4118 | D:4      | Found a shattered altar of Ashenzari.
  4263 | D:4      | Reached skill level 5 in Shields
  4346 | D:4      | Reached skill level 6 in Axes
  4346 | D:4      | Reached XP level 7. HP: 39/60 MP: 7/7
  4443 | D:4      | Reached skill level 5 in Fighting
  4523 | D:4      | Got a bloodstained robe
  4534 | D:4      | Identified the cursed +1 robe of Wisdom {rCorr} (You found
                  | it on level 4 of the Dungeon)
  4615 | D:3      | Found an iron altar of Okawaru.
  4615 | D:3      | Found a stormy altar of Qazlal.
  4615 | D:3      | Found a shadowy altar of Dithmenos.
  5148 | D:5      | Entered Level 5 of the Dungeon
  5205 | D:3      | Became a worshipper of Warmaster Okawaru
  5219 | D:5      | Reached skill level 5 in Armour
  5311 | D:5      | Found a staircase to the Ecumenical Temple.
  5323 | Temple   | Entered the Ecumenical Temple
  5442 | D:5      | Reached skill level 7 in Axes
  5451 | D:5      | Reached XP level 8. HP: 67/69 MP: 8/8
  6059 | D:5      | Found an ancient bone altar of Kikubaaqudgha.
  6211 | D:6      | Reached skill level 8 in Axes
  6222 | D:6      | Reached * piety under Okawaru
  6670 | D:6      | Reached XP level 9. HP: 65/78 MP: 9/9
  6722 | D:6      | Reached ** piety under Okawaru
  6722 | D:6      | Reached skill level 9 in Axes
  7151 | D:6      | Noticed Eustachio
  7188 | D:6      | Killed Eustachio
  7597 | D:7      | Reached skill level 10 in Axes
  7969 | D:7      | Found a snail-covered altar of Cheibriados.
  8300 | D:7      | Found a shimmering altar of Xom.
  8300 | D:7      | Found a shimmering altar of Xom.
  8301 | D:7      | Found a shimmering altar of Xom.
  8302 | D:7      | Found a shimmering altar of Xom.
  8303 | D:7      | Found a shimmering altar of Xom.
  8306 | D:7      | Found a shimmering altar of Xom.
  8342 | D:7      | Reached *** piety under Okawaru
  8430 | D:7      | Noticed a salamander
  8446 | D:7      | Noticed a troll
  8446 | D:7      | a raiju changed into a troll
  8559 | D:7      | Found a runed translucent gate.
  8559 | D:7      | Found a runed translucent gate.
  8559 | D:7      | Found a runed translucent gate.
  8560 | D:7      | Noticed Jaiteiro's ghost (novice GnSk)
  8630 | D:8      | Reached XP level 10. HP: 79/88 MP: 10/10
  8648 | D:8      | Noticed a cyclops
  8668 | D:8      | Killed a cyclops
  8668 | D:8      | Reached skill level 11 in Axes
  8811 | D:8      | Blown up by an orc

Skill      XL: |  1  2  3  4  5  6  7  8  9 10 |
---------------+-------------------------------+-----
Axes           | 3 4 5 6 7 8 10 11 | 11.0
Fighting       | 4 5 6 7 |  7.9
Shields        | 4 5 6 7 9 |  9.5
Armour         | 4 5 6 7 |  7.2

Action                   |  1- 3 |  4- 6 |  7- 9 | 10-12 || total
-------------------------+-------+-------+-------+-------++-------
Melee: War axe           |   121 |   294 |   116 |       ||   531
       Hand axe          |       |       |   327 |    23 ||   350
 Fire: Hunting sling     |     1 |       |       |       ||     1
  Use: Scroll            |       |     8 |    11 |       ||    19
  Eat: Chunk             |     2 |    10 |    12 |       ||    24
       Ration            |       |       |     1 |       ||     1
Armor: Scale mail        |    62 |   164 |    35 |       ||   261
       Leather armour    |       |       |   111 |     3 ||   114
Dodge: Dodged            |    36 |    93 |   136 |       ||   265
Block: Shield            |    51 |   167 |   224 |     5 ||   447
